 Dungeon Crawl Stone Soup version 0.29-a0-506-ga2e7fffb44 (webtiles) character file.

Game seed: 12527300598125669047

420 zeratav the Chopper (level 6, 0/56 HPs)
             Began as a Minotaur Fighter on May 29, 2022.
             Slain by a scorpion (1 damage)
             ... on level 5 of the Dungeon.
             The game lasted 00:06:21 (3965 turns).

zeratav the Chopper (Minotaur Fighter)              Turns: 3965, Time: 00:06:21

Health: 0/56       AC:  0    Str: 23    XL:     6   Next: 62%
Magic:  5/5        EV:  9    Int:  5    God:
Gold:   196        SH:  4    Dex:  9    Spells: 5/5 levels left

rFire   . . .      SeeInvis .   l - +3 whip (freeze) {mace}
rCold   . . .      Faith    .   c - +0 buckler
rNeg    . . .      Spirit   .   b - +0 scale mail
rPois   .          Reflect  .   (helmet restricted)
rElec   .          Harm     .   (no cloak)
rCorr   .          Rampage  .   m - +0 pair of gloves
Will    .....                   (no boots)
Stlth   ..........              (no amulet)
HPRegen 0.18/turn               (no ring)
MPRegen 0.09/turn               (no ring)

@: lethally poisoned (0 -> -9), corroded
A: horns 2, retaliatory headbutt
a: no special abilities


You were on level 5 of the Dungeon.
You visited 1 branch of the dungeon, and saw 5 of its levels.
You also visited: Sewer.

You collected 196 gold pieces.


Innate Abilities, Weirdness & Mutations

You have a pair of horns on your head.
You reflexively headbutt those who attack you in melee.


   Skills:
 + Level 5.3 Fighting
 - Level 6.0(6.7) Axes
 - Level 4.5(6.0) Maces & Flails
 - Level 3.6 Armour
 - Level 3.6 Shields


You had 5 spell levels left.
You didn't know any spells.
Your spell library contained the following spells:

 Spells                   Type           Power      Damage    Failure   Level
 Magic Dart               Conj           0%         1d3       86%         1
 Searing Ray              Conj           0%         2d4       95%         2
 Fulminant Prism          Conj/Hex       0%         3d6       100%        4

Inventory:

Hand Weapons
 a - a +0 war axe {axe}
 l - a +3 whip of freezing (weapon) {mace}
   (You found it on level 2 of the Dungeon)
Armour
 b - a +0 scale mail (worn)
 c - a +0 buckler (worn)
 g - a +0 plate armour
   (You found it on level 1 of the Dungeon)
 m - a +0 pair of gloves (worn)
   (You found it on level 2 of the Dungeon)
 w - a +0 leather armour
   (You found it on level 4 of the Dungeon)
Jewellery
 y - a ring of protection from cold
   (You found it on level 3 of the Dungeon)
Wands
 A - a wand of acid (4)
   (You found it on level 4 of the Dungeon)
Scrolls
 f - 2 scrolls of vulnerability {unknown}
 i - 2 scrolls of enchant weapon {unknown}
 k - 5 scrolls of teleportation {unknown}
 n - a scroll of poison {unknown}
 p - a scroll of torment {unknown}
 q - 2 scrolls of fear {unknown}
 s - 2 scrolls of fog {unknown}
 t - a scroll of identify {unknown}
 u - 3 scrolls of amnesia {unknown}
 v - a scroll of blinking {unknown}
 x - 2 scrolls of enchant armour {unknown}
Potions
 d - a potion of might
 e - 2 potions of degeneration {unknown}
 h - a potion of mutation {unknown}
 j - 3 potions of heal wounds {unknown}
 o - 4 potions of cancellation {unknown}
 r - a potion of lignification {unknown}
 z - 2 potions of ambrosia {unknown}

Dungeon Overview and Level Annotations

Branches:
Dungeon (5/15)              Sewer (visited)
 Temple: D:4-7

Altars:
Dithmenos
Kikubaaqudgha
Okawaru
The Shining One

..#(...
.......
.......
.......
.......
.......
####....# .
#..@### #..
#..s.!#.!..
####........#
#...........#
#...<......##
#.#.#.......#
###.#......##
#.#...##...
#.#........


You could see a scorpion.


Message History

Done exploring.
No target in view!
(D) Dungeon
Where to? (Enter - D:4 @ (x,y), ? - help)
You open the door.
There is an open door here.
There is an open door here.
There is a stone staircase leading down here.
You climb downwards.
The hound barks!
There is a stone staircase leading up here.
A hound is nearby!
A hound is nearby!
A jelly comes into view.
The jelly quivers.
The hound stops to sniff the ground.
The jelly jiggles.
The hound bites you.
HP[-4]
You take 4 damage, and now have 49/53 hp.
You hit the hound. You freeze the hound. Your headbutt misses the hound.
The hound bites you but does no damage.
A scorpion comes into view.
You completely miss the hound. The hound bites you.
You block the hound's attack.
HP[-3]
You take 3 damage, and now have 46/53 hp.
You hit the hound. You freeze the hound.
The hound bites you but does no damage.
You hit the hound. You freeze the hound.
The hound bites you but does no damage.
You hit the hound. You freeze the hound.
You kill the hound!
Your Fighting skill increases to level 5!
HP[+3]
You now have 56 max hp (+3).
You regained 3 hp, and now have 49/56 hp.
You hit the jelly but do no damage. The acid corrodes you!
Your hands burn!
The jelly hits you.
You are splashed with acid!
HP[-14]
You take 14 damage, and now have 35/56 hp.
MASSIVE DAMAGE!! (PAUSE)
You are too injured to fight recklessly!
You are too injured to fight recklessly!
You are too injured to fight recklessly!
You are too injured to fight recklessly!
You are too injured to fight recklessly!
You are too injured to fight recklessly!
You are too injured to fight recklessly!
You are too injured to fight recklessly!
You are too injured to fight recklessly!
You are too injured to fight recklessly!
You are too injured to fight recklessly!
You are too injured to fight recklessly!
You are too injured to fight recklessly!
You are too injured to fight recklessly!
You are too injured to fight recklessly!
You are too injured to fight recklessly!
You are too injured to fight recklessly!
You whack the jelly! You freeze the jelly. The acid corrodes you!
Your hands burn!
HP[-2]
You take 2 damage, and now have 33/56 hp.
You barely miss the jelly. The jelly barely misses you.
The scorpion stings you!
* * * LOW HITPOINT WARNING * * *
HP[-7]
You take 7 damage, and now have 26/56 hp.
You hit the jelly but do no damage.
Your hands burn!
* * * LOW HITPOINT WARNING * * *
You headbutt the jelly.
You kill the jelly!
The scorpion stings you.
* * * LOW HITPOINT WARNING * * *
You are poisoned.
The scorpion poisons you!
HP[-6]
You take 6 damage, and now have 20/56 hp.
You feel very sick.
You see here a hound corpse.
HP[-3]
You take 3 damage, and now have 17/56 hp.
You hit the scorpion but do no damage.
You feel sick. The scorpion stings you.
* * * LOW HITPOINT WARNING * * *
You are lethally poisoned!
The scorpion poisons you!
HP[-7]
You take 7 damage, and now have 10/56 hp.
You hit the scorpion. You freeze the scorpion.
You headbutt the scorpion, but do no damage.
* * * LOW HITPOINT WARNING * * *
You feel very sick. The scorpion stings you.
* * * LOW HITPOINT WARNING * * *
HP[-7]
You take 7 damage, and now have 3/56 hp.
You closely miss the scorpion.
You headbutt the scorpion, but do no damage.
* * * LOW HITPOINT WARNING * * *
You feel sick. The scorpion stings you.
You die...

Skill      XL: |  1  2  3  4  5  6 |
---------------+-------------------+-----
Axes           | 3 4 5 6 |  6.0
Maces & Flails | 1 4 |  4.5
Fighting       | 5 |  5.3
Armour         | |  3.6
Shields        | |  3.6

Action                   |  1- 3 |  4- 6 || total
-------------------------+-------+-------++-------
Melee: War axe           |    42 |       ||    42
       Headbutt          |     5 |    14 ||    19
       Whip              |    41 |   121 ||   162
Armor: Scale mail        |    27 |    45 ||    72
Dodge: Dodged            |    30 |    49 ||    79
Block: Buckler           |    12 |    17 ||    29

Levels and vault maps discovered:
D:1:      minmay_arrival_split_and_join, layout_basic
D:2:      layout_loops_ring
D:3:      layout_rooms, mainiacjoe_overflow_small_starburst,
          gammafunk_temple_overflow_wave, overflow_temple_1_default
D:4:      layout_loops_corners, portal_sewer_entry_a
D:5:      layout_cave_pools, mainiacjoe_overflow_catwalk, grunt_decor_fettered,
          nicolae_zen_rock_garden, uniq_ijyb, uniq_blork_the_orc

Notes
Turn   | Place    | Note
-------+----------+-------------------------------------------
     0 | D:1      | zeratav the Minotaur Fighter began the quest for the Orb.
     0 | D:1      | Reached XP level 1. HP: 19/19 MP: 0/0
     0 | D:1      | magus.rc [v1.9.6]
   107 | D:1      | Reached skill level 3 in Axes
   110 | D:1      | Reached XP level 2. HP: 25/26 MP: 1/1
   455 | D:1      | Reached skill level 4 in Axes
  1050 | D:2      | Reached XP level 3. HP: 28/31 MP: 2/2
  1104 | D:2      | You pick up a book of Conjurations {@e2} and begin
                  | reading...
  1104 | D:2      | You add the spells Magic Dart, Searing Ray and Fulminant
                  | Prism to your library.
  1424 | D:2      | Reached skill level 5 in Axes
  1651 | D:3      | Found a glowing golden altar of the Shining One.
  1748 | D:3      | Reached XP level 4. HP: 32/39 MP: 3/3
  1819 | D:3      | Found an ancient bone altar of Kikubaaqudgha.
  1992 | D:3      | Reached skill level 6 in Axes
  2236 | D:3      | Found an iron altar of Okawaru.
  2236 | D:3      | Found a shadowy altar of Dithmenos.
  2346 | D:3      | Reached skill level 1 in Maces & Flails
  2505 | D:4      | Found a glowing drain.
  2524 | D:4      | Reached XP level 5. HP: 35/45 MP: 4/4
  2525 | D:4      | Reached skill level 2 in Maces & Flails
  2541 | Sewer    | Entered a sewer
  2694 | Sewer    | Noticed Pargi
  2709 | Sewer    | Killed Pargi
  2710 | Sewer    | Reached skill level 4 in Maces & Flails
  3076 | D:4      | Reached XP level 6. HP: 51/51 MP: 5/5
  3088 | D:4      | Reached skill level 4 in Fighting
  3949 | D:5      | Entered Level 5 of the Dungeon
  3958 | D:5      | Reached skill level 5 in Fighting
  3963 | D:5      | HP: 10/56 [scorpion (5)]
  3964 | D:5      | HP: 3/56 [scorpion (4)]
  3965 | D:5      | HP: 1/56 [poisoned by a scorpion]
  3965 | D:5      | Slain by a scorpion

Vanquished Creatures
  Pargi (Sewer)
  A scorpion (D:4)
  A hound (D:5)
  A jelly (D:5)
  An iguana (D:4)
  An orc wizard (D:3)
  5 adders
  A river rat (D:4)
  2 worms (D:2)
  4 dart slugs
  5 orcs
  4 endoplasms
  10 giant cockroaches
  4 goblins
  3 hobgoblins
  12 kobolds
  3 quokkas
  5 ball pythons
  2 bats (D:2)
  9 frilled lizards
  8 rats
83 creatures vanquished.

Table legend:
 A = Non-vault XP
 B = Vault XP
 C = Vault XP percentage of total XP
 D = Non-vault monster count
 E = Vault monster count
 F = Vault count percentage of total count
                 A         B        C        D         E       F
            +---------+---------+-------+---------+---------+-------
      Total |     401 |     200 |  33.3 |      69 |      14 |  16.9
            +---------+---------+-------+---------+---------+-------
        D:1 |      36 |       0 |   0.0 |      21 |       0 |   0.0
        D:2 |      49 |       0 |   0.0 |      18 |       0 |   0.0
        D:3 |      92 |       0 |   0.0 |      21 |       0 |   0.0
        D:4 |     136 |      31 |  18.6 |       7 |       5 |  41.7
        D:5 |      88 |       0 |   0.0 |       2 |       0 |   0.0
      Sewer |       0 |     169 | 100.0 |       0 |       9 | 100.0
            +---------+---------+-------+---------+---------+-------

Illustrated notes

Table legend:
 A = Kills in this place as a percentage of kills in entire the game.
 B = Kills by you in this place as a percentage of kills by you in the entire game.
 C = Kills by friends in this place as a percentage of kills by friends in the entire game.
 D = Other kills in this place as a percentage of other kills in the entire game.
 E = Experience gained in this place as a percentage of experience gained in the entire game.
 F = Experience gained in this place divided by the number of levels of this place that you have seen.
                   A       B       C       D       E      F
               +-------+-------+-------+-------+-------+----------------------
         Total | 100.0 | 100.0 |   N/A |   N/A | 100.0 | 100.2
       Dungeon |  89.2 |  89.2 |   N/A |   N/A |  71.9 |  86.4
         Sewer |  10.8 |  10.8 |   N/A |   N/A |  28.1 | 169.0
               +-------+-------+-------+-------+-------+----------------------

Table legend: (Time is in decaauts)
 A = Elapsed time spent in this place.
 B = Non-inter-level travel time spent in this place.
 C = Inter-level travel time spent in this place.
 D = Time resting spent in this place.
 E = Time spent auto-exploring this place.
 F = Levels seen in this place.
 G = Mean time per level.
                   A        B        C        D        E       F      G
               +--------+--------+--------+--------+--------+-----+--------+
         Total |   4008 |   3896 |    112 |    220 |   3139 |   6 |  668.0 |
       Dungeon |   3633 |   3521 |    112 |    220 |   2872 |   5 |  726.6 |
         Sewer |    374 |    374 |      0 |      0 |    266 |   1 |  374.0 |
               +--------+--------+--------+--------+--------+-----+--------+

Top non-repeatable levels by time:
     D:4: 1123 daAuts
     D:1: 933 daAuts
     D:3: 830 daAuts
     D:2: 732 daAuts
   Sewer: 374 daAuts
     D:5: 13 daAuts
